 Dungeon Crawl Stone Soup version 0.30-a0-702-gdf48620a09 (webtiles) character file.

Game seed: 1642021210329127644

172 Oxelix the Magician (level 5, -3/35 HPs)
             Began as a Djinni Fire Elementalist on Jan 21, 2023.
             Shot with an arrow by a centaur (9 damage)
             ... on level 4 of the Dungeon.
             The game lasted 00:09:13 (2660 turns).

Oxelix the Magician (Djinni Fire Elementalist)      Turns: 2660, Time: 00:09:14

Health: -3/35      AC:  4    Str:  7    XL:     5   Next: 82%
Gold:   147        EV: 11    Int: 18    God:
                   SH:  0    Dex: 14

rFire   + + .      SeeInvis .    c - +1 dagger (elec)
rCold   . . .      Faith    .    (no shield)
rNeg    . . .      Spirit   .    q - +0 leather armour of Untold Secrets {rElec Regen+ Stlth-}
rPois   ∞          Reflect  .    (no helmet)
rElec   +          Harm     .    (no cloak)
rCorr   .          Rampage  .    n - +0 pair of gloves
Will    .....                    (boots unavailable)
Stlth   +                        (no amulet)
HPRegen 1.05/turn                h - ring of protection from fire
MPRegen 0.00/turn                i - ring of ice

@: flying
A: sickness immunity, fire resistance 2, cold vulnerability 1, float, innate
caster, HP casting, extra vitality 1
a: no special abilities


You were on level 4 of the Dungeon.
You visited 1 branch of the dungeon, and saw 4 of its levels.

You collected 147 gold pieces.

Inventory:

Hand Weapons
 c - a +1 dagger of electrocution (weapon)
Missiles
 r - 3 boomerangs
Armour
 a - a +0 robe
 n - a +0 pair of gloves (worn)
 q - the +0 leather armour of Untold Secrets (worn) {rElec Regen+ Stlth-}
   (You found it on level 2 of the Dungeon)

   rElec:     It insulates you from electricity.
   Regen:     It increases your rate of health regeneration.
   Stlth:     It makes you less stealthy.
Jewellery
 h - a ring of protection from fire (left hand)
 i - a ring of ice (right hand)
 v - the Hermit's Pendant {Faith Invo=14 Evo=0 MP+5}
   (You found it on level 3 of the Dungeon)

   [amulet of faith]

   Invo=14: It sets your Invocations skill to 14.
   Evo=0: It sets your Evocations skill to 0.
   It allows you to gain divine favour quickly.
   MP:        It affects your magic capacity (+5).
Scrolls
 d - 2 scrolls of teleportation {unknown}
 f - a scroll of summoning {unknown}
 g - a scroll of noise {unknown}
 k - a scroll of magic mapping {unknown}
 m - a scroll of blinking {unknown}
 t - a scroll of fog {unknown}
Potions
 b - 3 potions of magic
 e - a potion of degeneration {unknown}
 j - 2 potions of heal wounds {unknown}
 l - 2 potions of ambrosia {unknown}
 o - 2 potions of lignification {unknown}
 p - 3 potions of flight {unknown}
 s - a potion of invisibility {unknown}
 u - a potion of brilliance {unknown}
 w - a potion of curing {unknown}


   Skills:
 - Level 2.1 Dodging
 - Level 1.5 Stealth
 * Level 4.7 Spellcasting


You couldn't memorise any spells.
You knew the following spells:

 Your Spells              Type           Power      Damage    Failure   Level
a - Foxfire               Conj/Fire      84%        2x1d8     3%          1
b - Scorch                Fire           42%        2d7       4%          2
c - Kindle Blastsparks    Fire/Tloc/Air  42%        2d13      9%          3
d - Inner Flame           Hex/Fire       21%        N/A       9%          3
e - Flame Wave            Conj/Fire      21%        2d8       30%         4
f - Freeze                Ice            100%       1d10      3%          1
g - Momentum Strike       Conj/Tloc      42%        3d9       4%          2
Your spell library was empty.

Dungeon Overview and Level Annotations

Branches:
Dungeon (4/15)
 Temple: D:4-7

Altars:

Shops:
D:1 [!

Annotations:
D:4 Menkaure


Innate Abilities, Weirdness & Mutations

You are immune to sickness and miasma.
You are immune to poison.
Your flesh is very heat resistant. (rF++)
You are vulnerable to cold. (rC-)
You float through the air rather than walking.
You learn spells naturally, not from books.
Your magical power is your life essence.
You have superior vitality. (+4 MHP)


Message History

The centaur shoots an arrow.
The arrow closely misses you.
Menkaure, Prince of Dust comes into view.
Menkaure shouts!
The centaur shoots an arrow.
The arrow hits you.
Menkaure moves out of view.
The goblin completely misses you.
You hit the goblin.
You kill the goblin!
The centaur shoots an arrow.
The arrow misses you.
The centaur shoots an arrow.
The arrow hits you.
The centaur shoots an arrow.
The arrow misses you.
There is an escape hatch in the ceiling here.
You see here a +0 club.
The centaur shoots an arrow.
The arrow closely misses you. A mysterious force pulls you upwards.
The hatch slams shut behind you.
You start resting.
HP restored.
Search for what [? for help]? shield Can't find anything matching that.
Things that are here:
a +0 robe; a +0 dagger
Things that are here:
a +0 scale mail; a +0 hand axe
There is a stone staircase leading down here.
You fly downwards.
Level annotation: Menkaure
There is a stone staircase leading up here.
The centaur shoots an arrow.
The arrow hits you!
You conjure some foxfire!
The centaur shoots an arrow.
The arrow hits you!
The centaur shoots an arrow.
The arrow hits you!
* * * LOW HITPOINT WARNING * * *
You are too injured to fight recklessly!
The foxfire hits the centaur!
The centaur is moderately wounded.
The foxfire hits the centaur.
The centaur is heavily wounded.
The centaur shoots an arrow.
The arrow barely misses you.
There is a stone staircase leading up here.
The centaur shoots an arrow.
The arrow barely misses you.
The centaur shoots an arrow.
The arrow hits you!
You die...

#..............?.....
#............<.......
######.........c........#
.....#...........M..[...#
##.....................##
###.......##..........#
##.........#.....##....#
#......##........# ###..
#.###..###...##@.## #.
...#......#.<......#
##............#....#
########.###.###....
#..#### ...## #..# ####
...# ..## ####


You could see Menkaure and a centaur.

Vanquished Creatures
  A jelly (D:4)
  2 orc wizards (D:3)
  2 adders
  A white imp (D:3)
  2 worms
  7 orcs (D:3)
  3 endoplasms
  2 giant cockroaches
  6 goblins
  4 hobgoblins
  5 jackals
  3 quokkas
  3 ball pythons
  5 bats
  2 frilled lizards
  2 kobolds
  6 rats
56 creatures vanquished.

Vanquished Creatures (others)
  143 foxfires
143 creatures vanquished.

Grand Total: 199 creatures vanquished

Notes
Turn   | Place    | Note
-------+----------+-------------------------------------------
     0 | D:1      | Oxelix the Djinni Fire Elementalist began the quest for the
                  | Orb.
     0 | D:1      | Oxelix set off with the following spells memorised:
                  | Foxfire, Scorch, Kindle Blastsparks, Inner Flame, Flame
                  | Wave.
     0 | D:1      | Reached XP level 1. HP: 15/15 MP: 0/0
    67 | D:1      | Found a faded altar of an unknown god.
   122 | D:1      | Reached XP level 2. HP: 20/21 MP: 0/0
   142 | D:1      | Found Felimuvyti's Distillery.
   159 | D:1      | Found Xudgh's Antique Armour Shop.
   228 | D:1      | Reached skill level 3 in Spellcasting
   665 | D:1      | Reached XP level 3. HP: 24/25 MP: 0/0
   665 | D:1      | Learned a level 1 spell: Freeze
  1071 | D:2      | Identified the +0 leather armour of Untold Secrets {rElec
                  | Regen+ Stlth-}
  1570 | D:3      | Reached XP level 4. HP: 28/31 MP: 0/0
  1875 | D:3      | Reached skill level 4 in Spellcasting
  1893 | D:3      | Reached XP level 5. HP: 34/35 MP: 0/0
  1893 | D:3      | Learned a level 2 spell: Momentum Strike
  2253 | D:3      | Found a faded altar of an unknown god.
  2253 | D:3      | Found the Hermit's Pendant {Faith Invo=14 Evo=0 MP+5}
  2583 | D:4      | Noticed a centaur
  2591 | D:4      | Noticed Menkaure
  2660 | D:4      | Shot with an arrow by a centaur

Illustrated notes

Levels and vault maps discovered:
D:1:      tarquinn_simple_flora_water_f, layout_loops_cross, serial_shops,
          nicolae_shop_crystal, nicolae_shop_trees,
          ebering_ecumenical_altar_petrified
D:2:      layout_basic
D:3:      layout_basic, amcnicky_mini_pool_small, hellmonk_guarded_unrand_hermit
D:4:      layout_cave_pools, nicolae_overflow_two_pavilions, uniq_menkaure

Skill      XL: |  1  2  3  4 |
---------------+-------------+-----
Spellcasting   | 3 4 |  4.7
Dodging        | |  2.1
Stealth        | |  1.5

Action                   |  1- 3 |  4- 6 || total
-------------------------+-------+-------++-------
Melee: Unarmed           |     1 |       ||     1
       Dagger            |     3 |     1 ||     4
 Cast: Foxfire           |    42 |    52 ||    94
       Scorch            |     5 |     3 ||     8
       Freeze            |     4 |       ||     4
       Momentum Strike   |       |     1 ||     1
Armor: Leather armour    |     2 |     5 ||     7
       Robe              |     1 |       ||     1
Dodge: Dodged            |    20 |    13 ||    33

Table legend: (Time is in decaauts)
 A = Elapsed time spent in this place.
 B = Non-inter-level travel time spent in this place.
 C = Inter-level travel time spent in this place.
 D = Time resting spent in this place.
 E = Time spent auto-exploring this place.
 F = Levels seen in this place.
 G = Mean time per level.
                   A        B        C        D        E       F      G
               +--------+--------+--------+--------+--------+-----+--------+
         Total |   2657 |   2475 |    182 |     50 |   2038 |   4 |  664.2 |
       Dungeon |   2657 |   2475 |    182 |     50 |   2038 |   4 |  664.2 |
               +--------+--------+--------+--------+--------+-----+--------+

Top non-repeatable levels by time:
     D:3: 1045 daAuts
     D:1: 856 daAuts
     D:2: 704 daAuts
     D:4: 51 daAuts
